 Dungeon Sprint DCSS version 0.28.0-47-ge53b351184 (webtiles) character file.

Game seed: 13358547079722340635

49256 browni3141 the Fencer (level 14, -30/128 HPs)
             Began as a Formicid Fighter on May 4, 2022.
             Was the Champion of Cheibriados.
             Killed from afar by a frost giant (53 damage)
             ... with a bolt of cold
             ... in the Dungeon (Sprint IX: "|||||||||||||||||||||||||||||").
             The game lasted 00:14:27 (4670 turns).

browni3141 the Fencer (Formicid Fighter)            Turns: 4670, Time: 00:14:27

Health: -30/128    AC: 22    Str: 45    XL:     14   Next: 91%
Magic:  3/26       EV: 22    Int: 23    God:    Cheibriados [******]
Gold:   1608       SH: 10    Dex: 29    Spells: 13/13 levels left

rFire   . . .      SeeInvis +   y - +0 triple sword (holy)
rCold   . . .      Faith    .   c - +0 buckler
rNeg    + . .      Spirit   .   D - +2 swamp dragon scales of Catatonia {rElec rPois rN+ Str+2}
rPois   +          Reflect  .   (helmet unavailable)
rElec   +          Harm     .   B - +1 cloak
rCorr   .          Rampage  .   A - +0 pair of gloves {Stlth+}
Will    ++...                   r - +0 pair of boots
Stlth   ++++++....              g - amulet of regeneration
HPRegen 1.11/turn               S - +3 ring of strength
MPRegen 0.20/turn               s - +3 ring of strength

@: very slow
A: permanent stasis, dig shafts and tunnels, antennae 3, four strong arms,
strong-willed 1, poison resistance
a: Dig, Renounce Religion, Bend Time, Temporal Distortion, Slouch, Step From
Time


You were in the Dungeon.
You worshipped Cheibriados.
Cheibriados was exalted by your worship.
You visited 1 branch You collected 1908 gold pieces.
You spent 300 gold pieces at shops.


Innate Abilities, Weirdness & Mutations

You cannot be hasted, slowed, berserked, paralysed or teleported.
You can dig through walls and to a lower floor.
You have a pair of large antennae on your head. (SInv)
Your four strong arms can wield two-handed weapons with a shield.
You are strong-willed. (Will+)
Your system is resistant to poisons. (rPois)


   Skills:
 + Level 17.1 Fighting
 * Level 20.7 Long Blades
 - Level 5.0 Throwing
 * Level 20.4 Armour
 + Level 10.5 Dodging
 - Level 10.0 Stealth
 + Level 16.3 Shields
 * Level 17.5 Invocations
 - Level 5.0 Evocations


You had 13 spell levels left.
You didn't know any spells.
Your spell library was empty.

Inventory:

Hand Weapons
 a - a +1 scimitar of flaming
 k - a +2 scimitar of holy wrath
 t - a +0 long sword
 v - a +0 great sword
 y - a +0 triple sword of holy wrath (weapon)
Missiles
 H - 3 boomerangs
 I - 2 javelins (quivered)
Armour
 b - a +0 scale mail
 c - a +0 buckler (worn)
 j - a +0 pair of gloves
 l - a +0 pair of gloves
 m - a +0 plate armour
 r - a +0 pair of boots (worn)
 z - a +2 plate armour
 A - a +0 pair of gloves of stealth (worn)
 B - a +1 cloak (worn)
 D - the +2 swamp dragon scales of Catatonia (worn) {rElec rPois rN+ Str+2}
   (You found it in the Dungeon)

   Str:       It affects your strength (+2).
   rElec:     It insulates you from electricity.
   rPois:     It protects you from poison.
   rN:        It protects you from negative energy.
Jewellery
 f - a ring of protection from fire
 g - an amulet of regeneration (around neck)
 s - a +3 ring of strength (right hand)
 C - a ring of protection from cold
 F - a ring of protection from fire
 S - a +3 ring of strength (left hand)
Wands
 G - a wand of polymorph (12)
Scrolls
 i - 2 scrolls of amnesia
 o - 4 scrolls of fog {@r5}
 p - 2 scrolls of enchant weapon
 q - 2 scrolls of identify {@r1}
 E - 2 scrolls of enchant armour
Potions
 d - a potion of might
 e - 3 potions of curing {@q1}
 h - 2 potions of invisibility
 n - 2 potions of resistance
 u - 2 potions of mutation {!q}
 w - 4 potions of magic
 x - a potion of heal wounds {@q2}
 J - a potion of haste {unknown}

Dungeon Overview and Level Annotations

Branches:
Dungeon (1/1)

Altars:
Cheibriados
Dithmenos
Elyvilon
Fedhas
Gozag
Hepliaklqana
Kikubaaqudgha
Makhleb
Nemelex Xobeh
Okawaru
Qazlal
Ru
Sif Muna
Trog
Uskayaw
Vehumet
Wu Jian
Xom
Yredelemnul
Zin
The Shining One
Beogh
Jiyva
Lugonu

Shops:
D ??=: { ¦¦¦¦¦¦¦¦¦¦¦¦¦¦¦¦¦¦¦¦¦¦¦¦ ...............☼@)CZD)G. {{{{{{{{ ¦¦¦¦¦¦¦¦¦¦¦¦¦¦¦¦¦¦¦¦¦¦¦¦¦¦¦¦¦¦¦¦¦ ................................. ¦¦¦¦¦¦¦¦¦¦¦¦¦¦¦¦¦¦¦¦¦¦¦¦¦¦¦¦¦¦¦¦¦ ..............').))....))))))...) ¦¦¦¦¦¦¦¦¦¦¦¦¦¦¦¦¦¦¦¦¦¦¦¦¦¦¦¦¦¦¦¦¦ ..........................!p÷.... ¦¦¦¦¦¦¦¦¦¦¦¦¦¦¦¦¦¦¦¦¦¦¦¦¦¦¦¦¦¦¦¦¦ ........'.=...)).)))))..[[...[[..

You could see a frost giant, an ice dragon, a great orb of eyes and a tengu warrior simulacrum.


Message History

* * * LOW HITPOINT WARNING * * *
A great orb of eyes comes into view.
Unknown command.
The great orb of eyes turns its gaze towards you.
You slice the fire giant!!
You kill the fire giant!
Cheibriados thoroughly appreciates the change of pace.
A freezing mist starts to gather...
A fire giant simulacrum comes into view.
Press: ? - help, v - describe, . - travel, g - get item
Here: a vampire knight, wielding a +1 war axe and wearing a +0 plate armour (almost destroyed)
Items here: a +2 great sword of flaming; a +0 dire flail; a +0 dire flail.
The floor, spattered with blood.
Unknown command.
You hit the vampire knight but do no damage.
The vampire knight is almost destroyed.
The vampire knight hits you with a +1 war axe!
* * * LOW HITPOINT WARNING * * *
The vampire knight bites you but does no damage.
You slice the vampire knight!!
You destroy the vampire knight!
Cheibriados appreciates the change of pace.
You block the fire giant simulacrum's attack.
Unknown command.
You slice the fire giant simulacrum!!
The fire giant simulacrum convulses!!
The fire giant simulacrum vaporises!
The frost giant's soul is no longer bound.
The frost giant casts a spell at you. The bolt of cold hits you!!!
You die...

Skill      XL: |  1  2  3  4  5  6  7  8  9 10 11 12 13 14 |
---------------+-------------------------------------------+-----
Shields        | 4 6 7 8 9 10 12 14 15 16 | 16.3
Fighting       | 5 6 7 8 9 11 13 14 16 17 | 17.1
Long Blades    | 4 5 6 7 8 10 13 15 17 19 20 | 20.7
Armour         | 5 6 7 8 9 11 13 16 18 20 | 20.4
Dodging        | 2 5 6 8 9 10 | 10.5
Invocations    | 3 6 8 10 12 15 17 | 17.5
Evocations     | 3 5 |  5.0
Stealth        | 8 10 | 10.0
Throwing       | 5 |  5.0

Action                   |  1- 3 |  4- 6 |  7- 9 | 10-12 | 13-15 || total
-------------------------+-------+-------+-------+-------+-------++-------
Melee: Long sword        |    14 |    19 |       |       |       ||    33
       Scimitar          |       |     9 |    36 |   212 |       ||   257
       Triple sword      |       |       |       |    29 |   146 ||   175
Throw: Javelin           |       |       |       |       |     2 ||     2
Invok: Slouch            |       |       |       |     4 |    21 ||    25
       Bend Time         |       |       |       |     1 |     1 ||     2
       Temporal Distorti |       |       |       |       |     1 ||     1
Evoke: Wand              |       |     3 |     2 |     5 |       ||    10
  Use: Potion            |       |       |     3 |     2 |     9 ||    14
 Stab: Distracted        |       |       |       |       |     3 ||     3
Armor: Scale mail        |     2 |    13 |       |       |       ||    15
       Plate armour      |       |     3 |    18 |    31 |       ||    52
       Swamp dragon scal |       |       |       |     7 |    38 ||    45
Dodge: Dodged            |     7 |    16 |    27 |    98 |   105 ||   253
Block: Buckler           |     3 |     4 |    22 |    75 |    59 ||   163

Levels and vault maps discovered:
D:        linesprint [early_d, line_temple, items_1, d_10, items_2, lair_1,
          lair_end, items_3, orc_1, orc_end, items_4, d_15, swamp_1, shoals_1,
          snake_1, spider_1, d_20, vaults_1, items_5, swamp_end, shoals_end,
          snake_end, spider_end, vaults_end, d_27, items_6, zot_1, zot_end,
          crypt_end, forest_end, elf_end, slime_end, tomb_end, abyss_end,
          pan_hell_end]

Notes
Turn   | Place    | Note
-------+----------+-------------------------------------------
     0 | D        | browni3141 the Formicid Fighter began the quest for the
                  | Orb.
     0 | D        | Reached XP level 1. HP: 18/18 MP: 1/1
     7 | D        | Reached skill level 4 in Shields
    14 | D        | Reached XP level 2. HP: 23/25 MP: 2/2
    20 | D        | Noticed an ogre
    24 | D        | Killed an ogre
    25 | D        | Reached skill level 5 in Fighting
    25 | D        | Reached skill level 4 in Long Blades
    25 | D        | Reached skill level 5 in Armour
    25 | D        | Reached skill level 6 in Shields
    25 | D        | Reached XP level 3. HP: 33/34 MP: 3/3
    25 | D        | Reached XP level 4. HP: 39/40 MP: 4/4
    38 | D        | Reached skill level 6 in Fighting
    38 | D        | Reached skill level 5 in Long Blades
    38 | D        | Reached skill level 6 in Armour
    38 | D        | Reached XP level 5. HP: 36/46 MP: 5/5
    44 | D        | Reached skill level 7 in Shields
   173 | D        | Found a snail-covered altar of Cheibriados.
   173 | D        | Found a shadowy altar of Dithmenos.
   173 | D        | Found a white marble altar of Elyvilon.
   173 | D        | Found a blossoming altar of Fedhas.
   173 | D        | Found an opulent altar of Gozag.
   174 | D        | Found a hazy altar of Hepliaklqana.
   175 | D        | Found a viscous altar of Jiyva.
   176 | D        | Found an ancient bone altar of Kikubaaqudgha.
   177 | D        | Became a worshipper of Cheibriados the Contemplative
   178 | D        | Found a corrupted altar of Lugonu.
   179 | D        | Found a burning altar of Makhleb.
   180 | D        | Found a sparkling altar of Nemelex Xobeh.
   181 | D        | Found an iron altar of Okawaru.
   182 | D        | Found a stormy altar of Qazlal.
   183 | D        | Found a sacrificial altar of Ru.
   184 | D        | Found a shimmering blue altar of Sif Muna.
   185 | D        | Found a bloodstained altar of Trog.
   186 | D        | Found a hide-covered altar of Uskayaw.
   187 | D        | Found a radiant altar of Vehumet.
   188 | D        | Found an ornate altar of the Wu Jian Council.
   189 | D        | Found a shimmering altar of Xom.
   190 | D        | Found a basalt altar of Yredelemnul.
   191 | D        | Found a glowing silver altar of Zin.
   192 | D        | Found a glowing golden altar of the Shining One.
   240 | D        | Noticed a yak
   240 | D        | Noticed a two-headed ogre
   240 | D        | Noticed a shadow
   240 | D        | Noticed a wraith
   240 | D        | Noticed a vampire
   240 | D        | Noticed an orc warrior
   250 | D        | Killed a yak
   251 | D        | Reached skill level 6 in Long Blades
   251 | D        | Reached skill level 2 in Dodging
   251 | D        | Reached skill level 3 in Invocations
   251 | D        | Reached skill level 3 in Evocations
   251 | D        | Reached XP level 6. HP: 29/53 MP: 5/8
   252 | D        | Killed a shadow
   252 | D        | Reached * piety under Cheibriados
   252 | D        | Killed a wraith
   252 | D        | Killed a vampire
   253 | D        | Reached skill level 7 in Fighting
   253 | D        | Reached skill level 7 in Long Blades
   253 | D        | Reached skill level 7 in Armour
   253 | D        | Reached skill level 5 in Dodging
   253 | D        | Reached skill level 8 in Shields
   253 | D        | Reached skill level 6 in Invocations
   253 | D        | Reached skill level 5 in Evocations
   253 | D        | Reached XP level 7. HP: 34/61 MP: 5/12
   253 | D        | Reached XP level 8. HP: 38/68 MP: 5/13
   255 | D        | Killed a two-headed ogre
   255 | D        | Reached ** piety under Cheibriados
   256 | D        | Reached skill level 8 in Fighting
   256 | D        | Reached skill level 8 in Long Blades
   256 | D        | Reached skill level 8 in Armour
   256 | D        | Reached skill level 6 in Dodging
   256 | D        | Reached skill level 9 in Shields
   256 | D        | Reached skill level 8 in Invocations
   256 | D        | Reached XP level 9. HP: 14/75 MP: 5/15
   528 | D        | Noticed a centaur warrior
   528 | D        | Noticed a troll
   528 | D        | Noticed a troll
   537 | D        | Killed a centaur warrior
   538 | D        | Reached skill level 9 in Fighting
   538 | D        | Reached skill level 9 in Long Blades
   538 | D        | Reached skill level 7 in Dodging
   538 | D        | Reached skill level 9 in Invocations
   538 | D        | Reached *** piety under Cheibriados
   546 | D        | Killed a troll
   547 | D        | Reached skill level 10 in Long Blades
   547 | D        | Reached skill level 9 in Armour
   547 | D        | Reached skill level 10 in Invocations
   559 | D        | Killed a troll
   560 | D        | Reached skill level 8 in Dodging
   560 | D        | Reached skill level 10 in Shields
   563 | D        | Reached **** piety under Cheibriados
   913 | D        | Gained mutation: You are strong-willed. (Will+) [potion of
                  | mutation]
   913 | D        | Gained mutation: Your system is resistant to poisons.
                  | (rPois) [potion of mutation]
   914 | D        | Noticed a six-headed hydra
   914 | D        | Noticed a blink frog
   914 | D        | Noticed a komodo dragon
   918 | D        | Reached XP level 10. HP: 70/85 MP: 17/17
   918 | D        | Noticed a cane toad
   919 | D        | Reached ***** piety under Cheibriados
   920 | D        | Reached skill level 10 in Fighting
   920 | D        | Reached skill level 11 in Long Blades
   921 | D        | Reached skill level 10 in Armour
   922 | D        | Killed a six-headed hydra
   922 | D        | Killed a komodo dragon
   923 | D        | Reached skill level 12 in Long Blades
   923 | D        | Reached skill level 11 in Shields
   924 | D        | Killed a cane toad
   925 | D        | Reached skill level 11 in Fighting
  1123 | D        | Reached ****** piety under Cheibriados
  1127 | D        | Reached skill level 11 in Armour
  1164 | D        | Noticed a komodo dragon
  1164 | D        | Noticed a komodo dragon
  1168 | D        | Reached skill level 12 in Shields
  1173 | D        | Killed a komodo dragon
  1174 | D        | Reached skill level 13 in Long Blades
  1176 | D        | Noticed a komodo dragon
  1181 | D        | Killed a komodo dragon
  1444 | D        | Reached XP level 11. HP: 50/93 MP: 18/18
  1716 | D        | Noticed a lindwurm
  1742 | D        | Reached skill level 12 in Fighting
  1742 | D        | Reached skill level 14 in Long Blades
  2068 | D        | Killed a lindwurm
  2069 | D        | Reached skill level 12 in Armour
  2069 | D        | Reached skill level 13 in Shields
  2365 | D        | Noticed Erica
  2372 | D        | Killed Erica
  2432 | D        | Noticed an orc knight
  2448 | D        | Killed an orc knight
  2495 | D        | Noticed an orc high priest
  2498 | D        | Noticed an orc knight
  2503 | D        | Reached skill level 11 in Invocations
  2504 | D        | Noticed an orc knight
  2512 | D        | Killed an orc high priest
  2513 | D        | Reached skill level 15 in Long Blades
  2513 | D        | Reached skill level 13 in Armour
  2516 | D        | Killed an orc knight
  2525 | D        | Killed an orc knight
  2526 | D        | Reached skill level 13 in Fighting
  2526 | D        | Reached skill level 14 in Shields
  2785 | D        | Found Koezxos's Magic Scroll Emporium.
  2785 | D        | Noticed an orc high priest
  2785 | D        | Noticed an orc high priest
  2785 | D        | Noticed an orc high priest
  2791 | D        | Killed an orc high priest
  2792 | D        | Reached skill level 12 in Invocations
  2792 | D        | Reached XP level 12. HP: 65/105 MP: 14/21
  2792 | D        | Noticed a soul eater
  2794 | D        | Killed an orc high priest
  2795 | D        | Reached skill level 14 in Armour
  2797 | D        | Killed an orc high priest
  2800 | D        | Noticed an orc high priest
  2807 | D        | Killed an orc high priest
  2808 | D        | Reached skill level 16 in Long Blades
  2808 | D        | Reached skill level 13 in Invocations
  2808 | D        | Found Ycvamp's Magic Scroll Shoppe.
  2941 | D        | Found Nablen's Jewellery Emporium.
  2944 | D        | Found Kosas's Book Shoppe.
  2944 | D        | Noticed an orc high priest
  2945 | D        | Noticed an orc high priest
  2953 | D        | Noticed an orc high priest
  2956 | D        | Killed an orc high priest
  2961 | D        | Killed an orc high priest
  2962 | D        | Noticed an orc high priest
  2966 | D        | Killed an orc high priest
  2970 | D        | Killed an orc high priest
  2971 | D        | Reached skill level 15 in Armour
  2971 | D        | Reached skill level 14 in Invocations
  3236 | D        | Bought an amulet of regeneration for 300 gold pieces
  3389 | D        | Got the +2 swamp dragon scales of Catatonia {rElec rPois
                  | rN+ Str+2}
  3466 | D        | Noticed a boulder beetle
  3466 | D        | Noticed a centaur warrior
  3473 | D        | Killed a boulder beetle
  3474 | D        | Reached skill level 14 in Fighting
  3484 | D        | Noticed a stone giant
  3498 | D        | Reached skill level 17 in Long Blades
  3500 | D        | Killed a centaur warrior
  3500 | D        | Noticed a deep troll shaman
  3501 | D        | Reached skill level 15 in Invocations
  3503 | D        | Noticed a fire dragon
  3506 | D        | Reached skill level 16 in Armour
  3512 | D        | Killed a stone giant
  3513 | D        | Reached XP level 13. HP: 75/114 MP: 24/24
  3516 | D        | Noticed a stone giant
  3526 | D        | Noticed a rakshasa
  3530 | D        | Killed a fire dragon
  3534 | D        | Killed a stone giant
  3535 | D        | Reached skill level 15 in Fighting
  3535 | D        | Reached skill level 18 in Long Blades
  3535 | D        | Reached skill level 17 in Armour
  3545 | D        | Killed a rakshasa
  3647 | D        | Noticed Snorg
  3656 | D        | Killed Snorg
  3678 | D        | Noticed Nessos
  3687 | D        | Killed Nessos
  3688 | D        | Reached skill level 2 in Stealth
  3774 | D        | Noticed Kirke
  3788 | D        | Killed Kirke
  3789 | D        | Reached skill level 4 in Stealth
  3832 | D        | Noticed a naga warrior
  3832 | D        | Noticed a salamander tyrant
  3832 | D        | Noticed a naga warrior
  3836 | D        | Killed a salamander tyrant
  3837 | D        | Reached skill level 18 in Armour
  3837 | D        | Reached skill level 5 in Stealth
  3841 | D        | Killed a naga warrior
  3842 | D        | Reached skill level 6 in Stealth
  3849 | D        | HP: 6/117 [naga warrior/+0 halberd (29)]
  3857 | D        | Killed a naga warrior
  3858 | D        | Reached skill level 19 in Long Blades
  3862 | D        | Reached skill level 7 in Stealth
  4062 | D        | Noticed a merfolk javelineer
  4062 | D        | Noticed a merfolk impaler
  4067 | D        | Killed a merfolk javelineer
  4071 | D        | Noticed a merfolk impaler
  4076 | D        | Reached skill level 9 in Dodging
  4076 | D        | Reached skill level 8 in Stealth
  4080 | D        | Reached skill level 16 in Fighting
  4081 | D        | Reached skill level 15 in Shields
  4081 | D        | Reached XP level 14. HP: 97/125 MP: 8/25
  4090 | D        | Reached skill level 9 in Stealth
  4189 | D        | Noticed an eleionoma
  4189 | D        | Noticed a bunyip
  4192 | D        | Noticed a bunyip
  4194 | D        | Reached skill level 1 in Throwing
  4194 | D        | Reached skill level 19 in Armour
  4196 | D        | Killed an eleionoma
  4207 | D        | Noticed a bunyip
  4209 | D        | Reached skill level 2 in Throwing
  4209 | D        | Reached skill level 10 in Stealth
  4209 | D        | Killed a bunyip
  4209 | D        | Killed a bunyip
  4210 | D        | Reached skill level 3 in Throwing
  4210 | D        | Killed a bunyip
  4211 | D        | Reached skill level 4 in Throwing
  4219 | D        | Reached skill level 16 in Invocations
  4282 | D        | Noticed a spark wasp
  4282 | D        | Noticed an entropy weaver
  4289 | D        | Noticed an entropy weaver
  4291 | D        | Killed a spark wasp
  4292 | D        | Reached skill level 20 in Long Blades
  4298 | D        | Killed an entropy weaver
  4299 | D        | Reached skill level 5 in Throwing
  4318 | D        | Reached skill level 10 in Dodging
  4320 | D        | Killed an entropy weaver
  4436 | D        | Noticed Nergalle
  4544 | D        | Killed Nergalle
  4651 | D        | Noticed a fire giant
  4651 | D        | Noticed a vampire knight
  4652 | D        | Noticed a frost giant
  4655 | D        | Reached skill level 20 in Armour
  4659 | D        | Reached skill level 16 in Shields
  4659 | D        | Reached skill level 17 in Invocations
  4660 | D        | Noticed a vampire knight
  4662 | D        | Killed a vampire knight
  4663 | D        | Reached skill level 17 in Fighting
  4667 | D        | Killed a fire giant
  4669 | D        | Killed a vampire knight
  4670 | D        | Killed from afar by a frost giant

Vanquished Creatures
  Kirke (D)
  A fire giant (D)
  2 stone giants (D)
  Nessos (D)
  2 vampire knights (D)
  An eleionoma (D)
  A spark wasp (D)
  3 bunyips (D)
  2 entropy weavers (D)
  Snorg (D)
  A merfolk javelineer (D)
  An ettin (D)
  A fire dragon (D)
  2 merfolk impalers (D)
  2 naga warriors (D)
  2 hydras (D)
  An ice dragon (D)
  A spriggan air mage (D)
  A rakshasa (D)
  A boulder beetle (D)
  A salamander tyrant (D)
  A radroach (D)
  An alligator (D)
  2 centaur warriors (D)
  A two-headed ogre (D)
  Erica (D)
  A merfolk aquamancer (D)
  A tengu warrior (D)
  A deep troll shaman (D)
  A shock serpent (D)
  Nergalle (D)
  9 orc high priests (D)
  A salamander mystic (D)
  2 spriggan druids (D)
  A naga ritualist (D)
  A steelbarb worm (D)
  A wizard (D)
  A bog body (D)
  A necromancer (D)
  A lindwurm (D)
  4 orc knights (D)
  A deep elf pyromancer (D)
  A wolf spider (D)
  2 cyclopes (D)
  2 moths of wrath (D)
  A manticore (D)
  2 ugly things (D)
  A black mamba (D)
  A guardian serpent (D)
  A naga mage (D)
  A cane toad (D)
  4 komodo dragons (D)
  4 tyrant leeches (D)
  3 merfolk (D)
  A tarantella (D)
  2 trolls (D)
  A wind drake (D)
  2 blink frogs (D)
  A shadow (D)
  2 yaks (D)
  A vampire (D)
  3 hogs (D)
  A wraith (D)
  A redback (D)
  A steam dragon (D)
  3 basilisks (D)
  An acid dragon (D)
  5 water moccasins (D)
  7 orc warriors (D)
  An ogre (D)
  A bullfrog (D)
  A howler monkey (D)
  A hound (D)
  A jelly (shapeshifter) (D)
  10 orc priests (D)
  3 orc wizards (D)
  A gnoll (D)
  An ufetubus (D)
  3 worms (D)
  8 orcs (D)
  A ball python (D)
  An endoplasm (D)
  A goblin (D)
  2 hobgoblins (D)
154 creatures vanquished.

Vanquished Creatures (others)
  A human (D)
1 creature vanquished.

Grand Total: 155 creatures vanquished

Table legend: (Time is in decaauts)
 A = Elapsed time spent in this place.
 B = Non-inter-level travel time spent in this place.
 C = Inter-level travel time spent in this place.
 D = Time resting spent in this place.
 E = Time spent auto-exploring this place.
 F = Levels seen in this place.
 G = Mean time per level.
                   A        B        C        D        E       F      G
               +--------+--------+--------+--------+--------+-----+--------+
         Total |   5566 |   5558 |      8 |   2039 |   1591 |   1 | 5566.0 |
       Dungeon |   5566 |   5558 |      8 |   2039 |   1591 |   1 | 5566.0 |
               +--------+--------+--------+--------+--------+-----+--------+

Top non-repeatable levels by time:
       D: 5566 daAuts

Table legend:
 A = Non-vault XP
 B = Vault XP
 C = Vault XP percentage of total XP
 D = Non-vault monster count
 E = Vault monster count
 F = Vault count percentage of total count
                 A         B        C        D         E       F
            +---------+---------+-------+---------+---------+-------
      Total |       0 |   70366 | 100.0 |       0 |     154 | 100.0
            +---------+---------+-------+---------+---------+-------
          D |       0 |   70366 | 100.0 |       0 |     154 | 100.0
            +---------+---------+-------+---------+---------+-------
